 Dungeon Crawl Stone Soup version 0.21.1-1-g345015f (webtiles) character file.

78 zishaf the Slasher (level 4, -1/36 HPs)
             Began as a Barachi Fighter on May 12, 2018.
             Slain by an orc
             ... wielding a +0 short sword
              (5 damage)
             ... on level 3 of the Dungeon.
             The game lasted 00:03:45 (1849 turns).

zishaf the Slasher (Barachi Fighter)                Turns: 1849, Time: 00:03:46

Health: -1/36      AC:  5    Str: 18    XL:     4   Next: 36%
Magic:  4/4        EV:  8    Int:  8    God:
Gold:   122        SH:  9    Dex: 12    Spells: 3/3 levels left

rFire    . . .     SeeInvis .   a - +0 long sword
rCold    + . .     Gourm    .   c - +0 shield
rNeg     . . .     Faith    .   r - +0 ring mail {rC+}
rPois    .         Spirit   .   (no helmet)
rElec    .         Reflect  .   (no cloak)
rCorr    .         Harm     .   (no gloves)
MR       .....                  (no boots)
Stlth    +.........             (no amulet)
HPRegen  0.12/turn              u - ring of flight
MPRegen  0.09/turn              (no ring)

@: slow
A: +LOS, swims, slowness 1, strong legs 1
a: Hop, Evoke Flight


You were on level 3 of the Dungeon.
You were very hungry.

You visited 1 branch of the dungeon, and saw 3 of its levels.

You collected 122 gold pieces.

Inventory:

Hand Weapons
 a - a +0 long sword (weapon)
Armour
 b - a +0 scale mail
 c - a +0 shield (worn)
 r - a +0 ring mail of cold resistance (worn)
Jewellery
 u - a ring of flight (left hand)
Wands
 g - a wand of scattershot (2)
Scrolls
 h - a scroll of immolation {unknown}
 i - a scroll of amnesia
 m - a scroll of identify
 n - a scroll of remove curse {unknown}
 q - a scroll of teleportation
 s - a scroll of magic mapping {unknown}
Potions
 d - a potion of might
 e - 2 potions of curing {unknown}
 j - 2 potions of magic {unknown}
 k - a potion of cancellation {unknown}
 l - a potion of mutation {unknown}
 o - a potion of degeneration {unknown}
 p - a potion of brilliance
Comestibles
 f - 4 rations
 t - 6 chunks of flesh


   Skills:
 - Level 3.6 Fighting
 + Level 5.4 Long Blades
 - Level 3.6 Armour
 - Level 3.2 Shields


You had 3 spell levels left.
You didn't know any spells.

Dungeon Overview and Level Annotations

Branches:
Dungeon (3/15)

Altars:

Annotations:
D:3 zekoff's ghost, amateur MiFi


Innate Abilities, Weirdness & Mutations

Shadows flee at your approach. (+LOS)
You can swim through water.
You cover ground slowly.
You can hop short distances.


Message History

The goblin hits you with a dagger. The orc hits you but does no damage.
The orc priest mumbles some strange prayers to Beogh against you.
Beogh smites you!
* * * LOW HITPOINT WARNING * * *
You barely miss the orc.
The orc is severely wounded.
You block the goblin's attack. You block the orc's attack.
The orc priest begins to cast a cantrip, but forgets the words!
The goblin hits you with a dagger.
* * * LOW HITPOINT WARNING * * *
The orc barely misses you.
The orc priest begins to cast a cantrip, but forgets the words!
You closely miss the orc.
The orc is severely wounded.
You block the goblin's attack. The orc hits you with a short sword.
* * * LOW HITPOINT WARNING * * *
You hit the orc but do no damage.
The orc is severely wounded.
You block the goblin's attack. The orc hits you with a short sword.
You die...

.$.>.... ........
.......% ........
........ ........
o....... ######oo...#
#....@g# ###.###### .....
##...# ....#####..###
###### .............#
#....#
.............#######....#
........................#
..#..........##....#....#
.##.............####....#


You could see an orc priest, 2 orcs and a goblin.

Vanquished Creatures
  An adder (D:3)
  An ooze (D:1)
  A worm (D:2)
  3 dart slugs
  2 leopard geckos (D:3)
  2 orcs (D:3)
  3 giant cockroaches
  6 hobgoblins
  3 jackals (D:2)
  A quokka (D:2)
  6 bats
  5 frilled lizards
  4 goblins
  6 kobolds
  7 rats
51 creatures vanquished.

Notes
Turn   | Place    | Note
-------+----------+-------------------------------------------
     0 | D:1      | zishaf the Barachi Fighter began the quest for the Orb.
     0 | D:1      | Reached XP level 1. HP: 18/18 MP: 1/1
    56 | D:1      | Reached skill level 3 in Long Blades
    81 | D:1      | Reached XP level 2. HP: 18/24 MP: 2/2
   302 | D:1      | Reached skill level 4 in Long Blades
   553 | D:1      | Reached XP level 3. HP: 29/29 MP: 3/3
  1741 | D:3      | Reached skill level 5 in Long Blades
  1744 | D:3      | Reached XP level 4. HP: 31/36 MP: 4/4
  1838 | D:3      | Noticed zekoff's ghost (amateur MiFi)
  1849 | D:3      | Slain by an orc

Skill      XL: |  1  2  3 |
---------------+----------+-----
Long Blades    | 3 4 5 |  5.4
Fighting       | |  3.6
Armour         | |  3.6
Shields        | |  3.2

Action                   |  1- 3 |  4- 6 || total
-------------------------+-------+-------++-------
Melee: Long sword        |   121 |    48 ||   169
  Use: Scroll            |     3 |       ||     3
  Eat: Chunk             |     3 |       ||     3
Armor: Scale mail        |    45 |       ||    45
       Ring mail         |    20 |    18 ||    38
Dodge: Dodged            |    40 |    14 ||    54
Block: Shield            |    80 |    27 ||   107
       Rpst.: Long sword |    12 |     5 ||    17
